 Dungeon Crawl Stone Soup version 0.32-a0-38-gb04dd89b9b (webtiles) character file.

Game seed: 11953225141767394200

42 Newt the Shooter (level 3, -3/24 HPs)
             Began as a Kobold Hunter on Jan 23, 2024.
             Was an Initiate of Hepliaklqana.
             Slain by a scorpion (4 damage)
             ... on level 4 of the Dungeon.
             The game lasted 00:01:30 (1703 turns).

Newt the Shooter (Kobold Hunter)                    Turns: 1703, Time: 00:01:30

Health: -3/24      AC:  3    Str:  8    XL:     3   Next: 80%
Magic:  3/3        EV: 14    Int: 10    God:    Hepliaklqana [......]
Gold:   94         SH:  0    Dex: 20    Spells: 2/2 levels left

rFire   . . .        a - +0 shortbow
rCold   . . .        (shield currently unavailable)
rNeg    . . .        c - +0 leather armour
rPois   .            (no helmet)
rElec   .            (no cloak)
rCorr   .            (no gloves)
SInv    .            (no boots)
Will    .....        (no amulet)
Stlth   +++          (no ring)
HPRegen 0.24/turn    (no ring)
MPRegen 0.08/turn

%: no passive effects
@: lethally poisoned (-3 -> -9), attractive, invisible
A: small, no large weapons, nightstalker 3
a: Renounce Religion


You were on level 4 of the Dungeon.
You worshipped Hepliaklqana.
Hepliaklqana was noncommittal.
You visited 1 branch of the dungeon, and saw 3 of its levels.

You collected 94 gold pieces.

Inventory:

Hand Weapons
 a - a +0 shortbow (weapon)
Armour
 c - a +0 leather armour (worn)
Wands
 d - a wand of flame (19)
Scrolls
 b - a scroll of butterflies
Potions
 f - a potion of might
 g - a potion of enlightenment
 h - a potion of heal wounds
 k - a potion of degeneration {unknown}


   Skills:
 - Level 4.0 Fighting
 + Level 5.6 Ranged Weapons
 - Level 2.4 Dodging
 - Level 1.3 Stealth


You had 2 spell levels left.
You didn't know any spells.
Your spell library contained the following spells:

 Spells                   Type           Power      Damage    Failure   Level
 Blink                    Tloc           0%         N/A       63%         2
 Lesser Beckoning         Tloc           0%         N/A       63%         2
 Momentum Strike          Conj/Tloc      0%         3d8       63%         2


Dungeon Overview and Level Annotations

Branches:
Dungeon (4/15)
 Temple: D:4-7

Altars:
Hepliaklqana

Shops:
D:1 =


Innate Abilities, Weirdness & Mutations

You are small and have problems with some larger weapons.
You are completely attuned to the shadows.


Message History

Hepliaklqana welcomes you!
Found a robe.
A ball python comes into view.
A ball python is nearby!
You shoot an arrow. The arrow hits the ball python.
You kill the ball python!
No target in view!
No target in view!
An orc comes into view. It is wielding a +0 flail.
The orc moves out of view.
You shoot an arrow. The arrow closely misses the orc.
The orc shouts!
A scorpion comes into view.
You shoot an arrow. The arrow barely misses the orc.
The orc barely misses you.
You shoot an arrow. The arrow hits the orc.
The orc is heavily wounded.
The orc closely misses you.
Unknown command.
The scorpion attacks as it pursues you! The scorpion stings you.
You are poisoned.
The scorpion poisons you!
An orc comes into view. It is wielding a +0 short sword.
You feel sick. The scorpion attacks as it pursues you! The scorpion stings you.
You are lethally poisoned!
The scorpion poisons you!
Unknown command.
You fade into invisibility!
You feel very sick. The scorpion misses you.
Unknown command.
* * * LOW HITPOINT WARNING * * *
You feel very sick. The scorpion closely misses you.
* * * LOW HITPOINT WARNING * * *
You feel sick.
It was a potion of attraction.
You feel attractive to monsters.
* * * LOW HITPOINT WARNING * * *
You feel sick. The scorpion stings you.
You die...

....#.#.#
o........
...
.........
...
.........
≈≈
≈≈≈≈.≈≈≈≈
#
###≈.≈###
# #≈o≈#
###
###≈s≈###
≈≈≈
≈≈≈≈@≈≈≈≈
...
.........
≈≈≈
≈≈≈≈.≈≈≈≈
###
###≈.≈###
# #≈.≈# #
###≈.≈###
≈≈
≈≈≈≈.≈≈≈≈
...
.........
≈≈≈
≈≈≈≈.≈≈≈≈


You could see a scorpion (unable to see you) and an orc (unable to see you).

Vanquished Creatures
  A dart slug (D:2)
  8 ball pythons
  3 bats
  An endoplasm (D:1)
  A giant cockroach (D:1)
  3 goblins (D:1)
  A hobgoblin (D:1)
  3 jackals (D:2)
  4 quokkas
  4 frilled lizards
  6 kobolds
  3 rats (D:1)
38 creatures vanquished.

Notes
Turn   | Place    | Note
-------+----------+-------------------------------------------
     0 | D:1      | Newt the Kobold Hunter began the quest for the Orb.
     0 | D:1      | Reached XP level 1. HP: 12/12 MP: 1/1
   263 | D:1      | Reached XP level 2. HP: 18/18 MP: 2/2
   273 | D:1      | Found Tuleuthi's Jewellery Shoppe.
   632 | D:1      | Reached XP level 3. HP: 23/23 MP: 3/3
  1537 | D:2      | You fall into a shaft and drop 2 floors!
  1552 | D:4      | Found a hazy altar of Hepliaklqana.
  1596 | D:4      | Became a worshipper of Hepliaklqana the Forgotten
  1695 | D:4      | Noticed a scorpion
  1703 | D:4      | HP: 1/24 [poisoned by a scorpion]
  1703 | D:4      | Slain by a scorpion

Illustrated notes

Levels and vault maps discovered:
D:1:      lemuel_arrival_behind_the_door_small, layout_basic, serial_shops, shop
D:2:      layout_basic, minmay_misc_feat_pillars, serial_bayou_pond_b
D:4:      layout_layer_cave, nicolae_qazlal_scattered_showers,
          lemuel_crystal_altar, serial_glass, glass_columns_b, glass_columns_b,
          glass_columns_b, glass_columns_a, glass_columns_a, glass_columns_a,
          glass_columns_b, glass_columns_c, chequers_hall_statues_y,
          kennysheep_boxes

Skill      XL: |  1  2  3 |
---------------+----------+-----
Fighting       | 3 4 |  4.0
Ranged Weapons | |  5.6
Dodging        | |  2.4
Stealth        | |  1.3

Action                     || total
---------------------------++-------
   Fire: Shortbow          ||    85
    Use: Scroll            ||     4
         Potion            ||     3
 Armour: Leather armour    ||    21
  Dodge: Dodged            ||    41

Table legend: (Time is in decaauts)
 A = Elapsed time spent in this place.
 B = Non-inter-level travel time spent in this place.
 C = Inter-level travel time spent in this place.
 D = Time resting spent in this place.
 E = Time spent auto-exploring this place.
 F = Levels seen in this place.
 G = Mean time per level.
                   A        B        C        D        E       F      G
               +--------+--------+--------+--------+--------+-----+--------+
         Total |   1717 |   1610 |    107 |    138 |   1287 |   3 |  572.3 |
       Dungeon |   1717 |   1610 |    107 |    138 |   1287 |   3 |  572.3 |
               +--------+--------+--------+--------+--------+-----+--------+

Top non-repeatable levels by time:
     D:1: 1281 daAuts
     D:2: 269 daAuts
     D:4: 166 daAuts
